[Event "Azerbaijan-ch-Women-2025"]
[Site "Baku"]
[Date "2025.02.05"]
[Round "1.2"]
[White "Ibrahimova, Sabina"]
[Black "Abdinova, Narmin"]
[Result "1-0"]
[Annotator "RC"]
[ECO "A19"]
[WhiteElo "2177"]
[BlackElo "2186"]
[PlyCount "143"]
[EventDate "2025.01.08"]
[EventType "k.o."]
[EventCountry "AZE"]
[SourceTitle "playchess.com"]
[Source "ChessBase"]
[SourceQuality "1"]
[TimeControl "40/5400+30:1800+30"]

1. c4 Nf6 2. Nc3 e6 3. e4 c5 4. e5 Ng8 5. d4 cxd4 6. Qxd4 Nc6 7. Qf4 d6 8. Nf3 Nh6 9. Be2 dxe5 10. Nxe5 Bd6 11. Nxc6 Bxf4 12. Nxd8 Bxc1 13. Rxc1 Kxd8 14. O-O Ke7 15. b4 b6 16. Bf3 Rb8 17. c5 bxc5 18. bxc5 Ba6 19. Rfe1 Rhc8 20. c6 Kf8 21. Ne4 Rc7 22. Nc5 Bc8 23. Red1 Ke7 24. g4 f6 25. Rb1 Rxb1 26. Rxb1 Nf7 27. Rb7 Kd8 28. Na6 Re7 29. c7+ Kd7 30. Nc5+ Kd6 31. Ne4+ Ke5 32. Rxa7 Ng5 33. Nxg5 fxg5 34. Kg2 Kd6 35. Be4 h6 36. Kf3 Rxc7 37. Rxc7 Kxc7 38. Ke3 Kd6 39. Kd3 Ba6+ 40. Ke3 Kc5 41. a4 Bc8 42. Bd3 Kb4 43. Bb5 Bb7 44. Kd4 Bf3 45. Ke5 Bxg4 46. Bd7 Bd1 47. Kxe6 Kc5 48. Ke5 h5 49. a5 Be2 50. Bc8 Kc6 51. a6 Kb6 52. Bb7 Bg4 53. Kd6 Be2 54. Ke6 Bd3 55. Kf7 g6 56. Kf6 g4 57. Kg5 Bc2 58. Bd5 Bd3 59. Bf7 Bxa6 60. Bxg6 Kc6 61. Bxh5 Kd6 62. Bxg4 Ke7 63. Kg6 Kf8 64. Be6 Bd3+ 65. Kf6 Be2 66. Bf7 Bf3 67. h4 Be4 68. h5 Bd3 69. h6 Bc2 70. Bg6 Bb3 71. h7 Bg8 72. f4 1-0

[Event "Azerbaijan-ch-Women-2025"]
[Site "Baku"]
[Date "2025.02.05"]
[Round "1.2"]
[White "Mamedjarova, Zeinab"]
[Black "Allahverdiyeva, Ayan"]
[Result "1/2-1/2"]
[Annotator "RC"]
[ECO "D02"]
[WhiteElo "2145"]
[BlackElo "2284"]
[PlyCount "91"]
[EventDate "2025.01.08"]
[EventType "k.o."]
[EventCountry "AZE"]
[SourceTitle "playchess.com"]
[Source "ChessBase"]
[SourceQuality "1"]
[TimeControl "40/5400+30:1800+30"]

1. d4 Nf6 2. Nf3 d5 3. c3 c5 4. g3 Nc6 5. Bg2 Bf5 6. O-O e6 7. Qb3 Qc8 8. Be3 h6 9. h3 Be7 10. Qd1 cxd4 11. cxd4 Nb4 12. Na3 O-O 13. Ne5 Qd8 14. Qb3 Qb6 15. Rfc1 Rfc8 16. Rc3 Ne4 17. Rxc8+ Rxc8 18. g4 Bh7 19. Qa4 Nf6 20. Nd7 Nxd7 21. Qxd7 Rc7 22. Qe8+ Bf8 23. Bf4 Rc6 24. Rc1 Nxa2 25. Rc5 Rxc5 26. dxc5 Qc6 27. Qb8 Qxc5 28. Nb5 Qxb5 29. Bd6 Bg6 30. Qxf8+ Kh7 31. Be5 f6 32. Bxf6 gxf6 33. Qe7+ Kg8 34. Qxe6+ Bf7 35. Qxf6 Qxe2 36. Qxh6 Qxb2 37. Qg5+ Qg7 38. Qd8+ Qf8 39. Qg5+ Qg7 40. Qd8+ Kh7 41. Bxd5 Bxd5 42. Qxd5 Qa1+ 43. Kg2 Qb1 44. Qf7+ Kh6 45. Qf6+ Qg6 46. Qh8+ 1/2-1/2

[Event "Azerbaijan-ch-Women-2025"]
[Site "Baku"]
[Date "2025.02.05"]
[Round "1.2"]
[White "Hajiyeva, Laman"]
[Black "Balajayeva, Khanim"]
[Result "0-1"]
[Annotator "RC"]
[ECO "C89"]
[WhiteElo "2079"]
[BlackElo "2355"]
[PlyCount "78"]
[EventDate "2025.01.08"]
[EventType "k.o."]
[EventCountry "AZE"]
[SourceTitle "playchess.com"]
[Source "ChessBase"]
[SourceQuality "1"]
[TimeControl "40/5400+30:1800+30"]

1. e4 e5 2. Nf3 Nc6 3. Bb5 a6 4. Ba4 Nf6 5. O-O Be7 6. Re1 b5 7. Bb3 O-O 8. c3 d5 9. exd5 Nxd5 10. Nxe5 Nxe5 11. Rxe5 c6 12. d3 Bd6 13. Re1 Bf5 14. Qf3 Qh4 15. g3 Qh3 16. Bxd5 cxd5 17. Qxd5 Rad8 18. Qg2 Qh5 19. Be3 Bh3 20. Qh1 f5 21. Bb6 Rb8 22. Qd5+ Kh8 23. Bd4 Rfd8 24. Qh1 Re8 25. Nd2 Rxe1+ 26. Rxe1 Re8 27. Ra1 Qe2 28. Qc6 Qe1+ 29. Nf1 Bf8 30. Qh6 Qxa1 31. Qxh3 Qxb2 32. Qxf5 Qxa2 33. Ne3 Qe6 34. Qg5 h6 35. Qf4 a5 36. c4 b4 37. c5 a4 38. Nc4 a3 39. Qc7 Qd5 0-1

[Event "Azerbaijan-ch-Women-2025"]
[Site "Baku"]
[Date "2025.02.05"]
[Round "1.2"]
[White "Rzali, Sabina"]
[Black "Beydullayeva, Govhar"]
[Result "0-1"]
[Annotator "RC"]
[ECO "B25"]
[WhiteElo "2027"]
[BlackElo "2404"]
[PlyCount "48"]
[EventDate "2025.01.08"]
[EventType "k.o."]
[EventCountry "AZE"]
[SourceTitle "playchess.com"]
[Source "ChessBase"]
[SourceQuality "1"]
[TimeControl "40/5400+30:1800+30"]

1. e4 c5 2. Nc3 d6 3. g3 Nc6 4. Bg2 g6 5. d3 Bg7 6. f4 e6 7. Nf3 Nge7 8. Be3 O-O 9. O-O Rb8 10. Qd2 b5 11. d4 d5 12. exd5 exd5 13. Bf2 b4 14. Nd1 Na5 15. b3 Nf5 16. Rb1 Ba6 17. Re1 Nd6 18. c3 Ne4 19. Qb2 bxc3 20. Nxc3 Nc4 21. Qa1 Na3 22. Rbd1 Nxf2 23. Kxf2 Nc2 24. Qb2 Nxe1 0-1